 Dungeon Crawl Stone Soup version 0.20-a0-266-gdedccd6 (webtiles) character file.

124 roflturtle the Slasher (level 4, 0/29 HPs)
             Began as a High Elf Skald on Dec 6, 2016.
             Slain by an orc
             ... wielding a +0 flail
              (5 damage)
             ... on level 3 of the Dungeon.
             The game lasted 00:07:34 (2669 turns).

roflturtle the Slasher (High Elf Skald)             Turns: 2669, Time: 00:07:35

Health: 0/29       AC:  3    Str: 11    XL:     4   Next: 81%
Magic:  0/8        EV: 12    Int: 16    God:
Gold:   114        SH:  0    Dex: 15    Spells: 2/7 levels left

rFire  . . .     SeeInvis .     a - +0 falchion
rCold  . . .     Gourm    .     b - +0 leather armour
rNeg   . . .     Faith    .     (no shield)
rPois  .         Spirit   .     (no helmet)
rElec  .         Reflect  .     (no cloak)
rCorr  .         Harm     .     (no gloves)
MR     .....                    (no boots)
Stlth  +.........               (no amulet)
                                (no ring)
                                (no ring)

@: infused (expiring)
A: no striking features
a: no special abilities


You were on level 3 of the Dungeon.
You were very hungry.

You visited 1 branch of the dungeon, and saw 3 of its levels.

You collected 114 gold pieces.

Inventory:

Hand Weapons
 a - a +0 falchion (weapon)
 h - a +2 spear of flaming
 o - a +2 dagger of speed
 u - a +2 vampiric dagger
Missiles
 p - 38 arrows
Armour
 b - a +0 leather armour (worn)
 t - a +2 pair of gloves
Scrolls
 j - a scroll of amnesia {unknown}
 l - a scroll of blinking {unknown}
 m - 3 scrolls of teleportation {unknown}
 n - a scroll of enchant weapon {unknown}
 r - 2 scrolls of identify {unknown}
Potions
 e - a potion of lignification {unknown}
 f - 2 potions of curing
 i - a potion of haste {unknown}
Books
 c - a book of Battle

   Spells                             Type                      Level
   a - Infusion                       Charms                       1
   b - Shroud of Golubria             Charms/Translocation         2
   c - Song of Slaying                Charms                       2
   d - Spectral Weapon                Hexes/Charms                 3
   e - Regeneration                   Charms/Necromancy            3
 s - a book of Minor Magic

   Spells                             Type                      Level
   a - Magic Dart                     Conjuration                  1
   b - Blink                          Translocation                2
   c - Call Imp                       Summoning                    2
   d - Repel Missiles                 Charms/Air                   2
   e - Slow                           Hexes                        2
   f - Conjure Flame                  Conjuration/Fire             3
   g - Mephitic Cloud                 Conjuration/Poison/Air       3
Comestibles
 d - a bread ration
 g - a beef jerky
 k - 4 fruits


   Skills:
 + Level 2.2 Fighting
 - Level 5.2 Long Blades
 - Level 0.8 Armour
 - Level 2.0 Dodging
 - Level 2.4 Spellcasting
 - Level 4.1 Charms


You had 2 spell levels left.
You knew the following spells:

 Your Spells              Type           Power        Failure   Level  Hunger
a - Infusion              Chrm           ###.         6%          1    #......
b - Song of Slaying       Chrm           ###.....     10%         2    ###....
c - Shroud of Golubria    Chrm/Tloc      #.........   17%         2    ###....


Dungeon Overview and Level Annotations

Branches:
Dungeon (3/15)

Altars:
Qazlal


Message History

Your shroud bends the adder's attack away.
The orc hits you with a flail.
* * * LOW HITPOINT WARNING * * *
You hit the adder.
The adder is almost dead.
Your magical infusion is running out.
Your shroud bends the adder's attack away.
The orc closely misses you. The adder closely misses you.
You hit the adder.
You kill the adder!
Your shroud unravels.
The orc barely misses you.
You barely miss the orc. The orc hits you with a dagger.
* * * LOW HITPOINT WARNING * * *
The orc closely misses you.
You hit the orc but do no damage. The orc barely misses you.
You riposte.
You hit the orc.
The orc is heavily wounded.
The orc hits you with a flail.
You die...

#....).....#...#
#####S#.##.##.##
#o#.##.##.#
#.#.##.##.#
.######.#o##.##.#
..........##.##.#
#.##.####.##.#
##...####.##.#
#....o@o.....#
........####.####
######### #.# #.#
#.# #.# #.# #.#
#.#


You could see 2 orcs.

Vanquished Creatures
  An orc wizard (D:3)
  4 adders
  6 dart slugs
  2 leopard geckos
  An orc (D:3)
  A ball python (D:3)
  7 bats
  5 giant cockroaches
  4 goblins
  5 hobgoblins
  4 kobolds
  A quokka (D:2)
  2 frilled lizards
  8 rats
51 creatures vanquished.

Notes
Turn   | Place    | Note
-------+----------+-------------------------------------------
     0 | D:1      | roflturtle the High Elf Skald began the quest for the Orb.
     0 | D:1      | Reached XP level 1. HP: 14/14 MP: 4/4
    70 | D:1      | Reached skill level 3 in Long Blades
   270 | D:1      | Reached XP level 2. HP: 19/19 MP: 6/6
   702 | D:1      | Reached skill level 4 in Long Blades
  1217 | D:1      | Reached XP level 3. HP: 23/24 MP: 7/7
  1254 | D:1      | Learned a level 2 spell: Song of Slaying
  1257 | D:1      | Learned a level 2 spell: Shroud of Golubria
  1480 | D:2      | Found a stormy altar of Qazlal.
  2188 | D:3      | Reached XP level 4. HP: 11/29 MP: 5/8
  2656 | D:3      | Reached skill level 5 in Long Blades
  2669 | D:3      | Slain by an orc

Vault maps used:
D:1:      sevenhm_arrival_forest_fort_small_3, minmay_misc_feat_alley
D:2:      marbit_many_paths
D:3:      kennysheep_nondescript, grunt_decor_fettered,
          kennysheep_generic_room_13

Skill      XL: |  1  2  3  4 |
---------------+-------------+-----
Long Blades    | 3 4 5 |  5.2
Charms         | 4 |  4.1
Dodging        | 2 |  2.0
Fighting       | |  2.2
Armour         | |  0.8
Spellcasting   | |  2.4

Action                   |  1- 3 |  4- 6 || total
-------------------------+-------+-------++-------
Melee: Falchion          |   140 |    29 ||   169
 Cast: Infusion          |     3 |     2 ||     5
       Shroud of Golubri |     2 |     1 ||     3
  Use: Potion            |       |     2 ||     2
 Stab: Sleeping          |     2 |       ||     2
  Eat: Chunk             |     4 |     1 ||     5
Armor: Leather armour    |    52 |     7 ||    59
Dodge: Dodged            |   103 |    16 ||   119
       Rpst.: Falchion   |    39 |     5 ||    44
